 Dungeon Crawl Stone Soup version 0.23.2-33-g5129a83184 (webtiles) character file.

Game seed: 10463942871933303230

469 FishyPogo the Grave Robber (level 6, -1/51 HPs)
             Began as a Deep Dwarf Necromancer on Aug 7, 2019.
             Slain by a centaur (5 damage)
             ... on level 5 of the Dungeon.
             The game lasted 00:38:26 (4817 turns).

FishyPogo the Grave Robber (Deep Dwarf Necromancer) Turns: 4817, Time: 00:38:26

Health: -1/51      AC:  3    Str: 12    XL:     6   Next: 82%
Magic:  1/10       EV: 13    Int: 16    God:
Gold:   301        SH:  0    Dex: 14    Spells: 3/12 levels left

rFire    . . .     SeeInvis .   a - +0 hand axe
rCold    . . .     Gourm    .   (no shield)
rNeg     . . .     Faith    .   w - +1 robe
rPois    .         Spirit   .   (no helmet)
rElec    .         Reflect  .   (no cloak)
rCorr    .         Harm     .   (no gloves)
MR       +....                  (no boots)
Stlth    ++........             (no amulet)
HPRegen  0.00/turn              l - ring of protection from magic
MPRegen  0.12/turn              s - ring of attention (curse)

@: about to teleport, non-regenerating
A: damage resistance, heal wounds, sense surroundings 1, no regeneration
a: Heal Wounds


You were on level 5 of the Dungeon.
You were not hungry.

You visited 1 branch of the dungeon, and saw 5 of its levels.

You collected 301 gold pieces.

Inventory:

Hand Weapons
 a - a +0 hand axe (weapon)
 b - a +0 long sword
 d - a +0 whip
Missiles
 j - 144 stones (quivered)
Armour
 w - a +1 robe (worn)
Jewellery
 l - a ring of protection from magic (left hand)
 r - an uncursed ring of protection from cold
 s - a cursed ring of attention (right hand)
Wands
 m - a wand of polymorph (4)
 o - a wand of flame (14)
Scrolls
 e - 2 scrolls of teleportation
 p - 2 scrolls of remove curse
 q - 2 scrolls of immolation {unknown}
 t - a scroll of enchant armour
 u - 8 scrolls of identify {unknown}
 v - 2 scrolls of amnesia
Potions
 f - 2 potions of berserk rage {unknown}
 g - a potion of curing
 h - 3 potions of heal wounds {unknown}
 i - a potion of lignification {unknown}
 k - 4 potions of brilliance {unknown}
 n - a potion of ambrosia {unknown}
Comestibles
 c - 6 rations
 x - 2 chunks of flesh


   Skills:
 + Level 1.2 Fighting
 * Level 2.4 Axes
 + Level 3.5 Dodging
 + Level 4.1 Stealth
 * Level 3.5 Spellcasting
 + Level 6.0 Necromancy


You had 3 spell levels left.
You knew the following spells:

 Your Spells              Type           Power        Failure   Level  Hunger
a - Pain                  Necr           ###.         1%          1    None
b - Animate Skeleton      Necr           N/A          1%          1    None
c - Vampiric Draining     Necr           ###.......   4%          3    ###....
d - Summon Small Mammal   Summ           #...         19%         1    None
e - Confuse               Hex            #.......     47%         3    ###....

Your spell library contained the following spells:

 Spells                   Type           Power        Failure   Level  Hunger
 Apportation              Tloc           #.....       19%         1    None
 Confusing Touch          Hex            #.....       19%         1    None
 Gell's Gravitas          Tloc           #.........   47%         3    ###....
 Animate Dead             Necr           N/A          16%         4    ####...
 Petrify                  Tmut/Erth      #.......     87%         4    ####...
 Metabolic Englaciation   Hex/Ice        #.........   99%         5    ######.
 Yara's Violent Unravell  Hex/Tmut       #.........   99%         5    ######.
 Regeneration             Chrm/Necr      Unusable     N/A         3    N/A

Dungeon Overview and Level Annotations

Branches:
Dungeon (5/15)
 Temple: D:4-7

Altars:
Ru

Shops:
D:4 *


Innate Abilities, Weirdness & Mutations

You are resistant to damage.
You can heal yourself by infusing magical energy.
You passively map a small area around you.
You do not regenerate.


Message History

The worker ant zombie bites you.
* * * LOW HITPOINT WARNING * * *
You hit the centaur.
The centaur is severely wounded.
You hit the worker ant zombie. The centaur hits you.
The worker ant zombie barely misses you.
You hit the centaur.
The centaur is almost dead.
You completely miss the worker ant zombie.
The centaur closely misses you. The centaur misses you.
The worker ant zombie misses you.
You barely miss the worker ant zombie.
The worker ant zombie is lightly damaged.
You closely miss the centaur. The centaur hits you!
* * * LOW HITPOINT WARNING * * *
The worker ant zombie bites you but does no damage.
The centaur drinks a potion.
The centaur is healed!
As you read the scroll of teleportation, it crumbles to dust.
You feel strangely unstable. The centaur hits you.
You die...

##............................
#..#.######..#.#..............
^##.....## ###.##.#..............
..#......###(..##.##.............
#....##.....(####.###...##.......
....*#.....c...#......######.###
#.#..###.#..###o#####..# #...#
##....##.#.ยง# #cZ####..####.###
#.c.#..#....####@..#...##...#
#.$..#.#...####...#....#### ,
####..(.##)..##....#......#
,#...$......#....##...#....#
*...#...##..#...######..#....#
##......###.#....# #...#....#
#.#......##.>#...## #.#.#....#
#.........##......###.#......##
#.........####.#...##.#####...###


You could see a centaur, an orc wizard and a worker ant zombie.

Vanquished Creatures
  An elf skeleton (D:4)
  A jelly (D:4)
  An orc priest (D:5)
  A worker ant (D:5)
  4 gnolls (D:2)
  4 adders
  2 worms (D:3)
  2 leopard geckos (D:1)
  4 orcs
  A ball python (D:3)
  8 giant cockroaches
  4 goblins
  6 hobgoblins
  3 jackals (D:1)
  5 kobolds
  3 quokkas
  7 bats
  A frilled lizard (D:1)
  A jackal skeleton (D:3)
  6 rats
65 creatures vanquished.

Vanquished Creatures (collateral kills)
  An elf skeleton (D:4)
  A scorpion (D:5)
  A crimson imp (D:3)
  A human zombie (D:4)
  A human skeleton (D:4)
  Terence (D:3)
  A killer bee zombie (D:5)
  An adder (D:5)
  A shadow imp (D:5)
  An adder skeleton (D:4)
  A worm (D:3)
  An orc (D:5)
  A goblin (D:3)
  A hobgoblin (D:3)
  A quokka (D:3)
  A frilled lizard (D:3)
  An orc zombie (D:4)
  A rat (D:3)
18 creatures vanquished.

Grand Total: 83 creatures vanquished

Notes
Turn   | Place    | Note
-------+----------+-------------------------------------------
     0 | D:1      | FishyPogo the Deep Dwarf Necromancer began the quest for
                  | the Orb.
     0 | D:1      | Reached XP level 1. HP: 15/15 MP: 3/3
   297 | D:1      | Reached XP level 2. HP: 16/22 MP: 2/4
   320 | D:1      | Reached skill level 5 in Necromancy
   340 | D:1      | Learned a level 1 spell: Animate Skeleton
  1058 | D:2      | Reached XP level 3. HP: 17/28 MP: 2/6
  1188 | D:2      | Learned a level 3 spell: Vampiric Draining
  1797 | D:2      | Reached XP level 4. HP: 26/36 MP: 2/7
  1952 | D:3      | Noticed Terence
  2266 | D:3      | Learned a level 1 spell: Summon Small Mammal
  2377 | D:3      | Reached XP level 5. HP: 42/42 MP: 0/9
  2700 | D:3      | Killed Terence
  2845 | D:3      | Found a sacrificial altar of Ru.
  3492 | D:4      | Found Carphiack's General Store.
  3552 | D:4      | Reached skill level 1 in Axes
  3603 | D:4      | Found a sand-covered staircase.
  3758 | D:4      | Reached XP level 6. HP: 17/50 MP: 0/10
  3763 | D:4      | Learned a level 3 spell: Confuse
  4021 | D:5      | Entered Level 5 of the Dungeon
  4133 | D:4      | HP: 2/50 [crimson imp (2)]
  4320 | D:5      | Reached skill level 1 in Fighting
  4342 | D:5      | Noticed an ice beast
  4798 | D:5      | Reached skill level 6 in Necromancy
  4817 | D:5      | Slain by a centaur

Skill      XL: |  1  2  3  4  5  6 |
---------------+-------------------+-----
Necromancy     | 5 6 |  6.0
Spellcasting   | 2 3 |  3.5
Stealth        | 3 4 |  4.1
Dodging        | 3 |  3.5
Axes           | 1 2 |  2.4
Fighting       | 1 |  1.2

Action                   |  1- 3 |  4- 6 || total
-------------------------+-------+-------++-------
Melee: Whip              |    36 |    17 ||    53
       Long sword        |       |    32 ||    32
       Hand axe          |       |    73 ||    73
Throw: Stone             |     6 |     9 ||    15
 Cast: Pain              |    44 |    28 ||    72
       Vampiric Draining |     5 |    28 ||    33
       Summon Small Mamm |       |   104 ||   104
       Animate Skeleton  |       |     8 ||     8
 Abil: Heal Wounds       |       |     1 ||     1
  Use: Scroll            |       |     8 ||     8
 Stab: Sleeping          |     4 |     5 ||     9
       Distracted        |       |     1 ||     1
  Eat: Chunk             |     4 |    10 ||    14
       Ration            |       |     1 ||     1
Armor: Robe              |     9 |    20 ||    29
Dodge: Dodged            |    31 |   110 ||   141
       Rpst.: Long sword |       |     2 ||     2
